[Event "ICC Open 2015"]
[Site "Internet Chess Club"]
[Date "2015.05.29"]
[Round "4"]
[White "ehkopean"]
[Black "jonesey"]
[Result "0-1"]
[ICCResult "White checkmated"]
[WhiteElo "1665"]
[BlackElo "1943"]
[Opening "Ruy Lopez: exchange variation, Alapin gambit"]
[ECO "C68"]
[NIC "RL.08"]
[Time "19:48:40"]
[TimeControl "180+0"]

1. e4 e5 2. Nf3 Nc6 3. Bb5 a6 4. Bxc6 dxc6 5. O-O Bg4 6. h3 h5 7. d3 Qf6 8.
Be3 Bd6 9. Nbd2 Ne7 10. Bg5 Bxf3 11. Nxf3 Qg6 12. c3 f6 13. Be3 O-O-O 14. b4
f5 15. Nh4 Qf6 16. Nxf5 Nxf5 17. exf5 Qxf5 18. g4 Qf6 19. g5 Qf5 20. Kg2
Rhf8 21. Qe2 e4 22. dxe4 Qxe4+ 23. f3 Qh4 24. Qf2 Qc4 25. Rac1 Bf4 26. Bxf4
Rxf4 27. Rfe1 h4 28. Qe3 b6 29. Qe6+ Qxe6 30. Rxe6 Rd2+ 31. Kg1 Rxf3 32. Rg6
Rg3+ 33. Kh1 Rxh3+ 34. Kg1 Rg3+ 35. Kh1 Rh3+ 36. Kg1 Rhh2 37. Rxg7 h3 38.
Rf7 Rdg2+ 39. Kf1 Rh1# {White checkmated} 0-1

[Event "ICC Open 2015"]
[Site "Internet Chess Club"]
[Date "2015.05.29"]
[Round "4"]
[White "chesstempo2"]
[Black "druskacik"]
[Result "0-1"]
[ICCResult "White checkmated"]
[WhiteElo "1982"]
[BlackElo "2458"]
[Opening "Queen's pawn: Yusupov-Rubinstein system"]
[ECO "A46"]
[NIC "QP.06"]
[Time "19:48:29"]
[TimeControl "180+0"]

1. d4 Nf6 2. Nf3 e6 3. e3 b6 4. b3 Bb7 5. Bb2 d5 6. Bd3 Bd6 7. Nbd2 Nbd7 8.
Ne5 Ne4 9. O-O Bxe5 10. dxe5 Ndc5 11. Nxe4 Nxe4 12. f4 O-O 13. Rf3 g6 14.
Rh3 a5 15. a3 Ba6 16. g4 c5 17. g5 b5 18. Qg4 c4 19. Bxe4 dxe4 20. Qh4 h5
21. gxh6 Qxh4 22. Rxh4 Kh7 23. Bd4 cxb3 24. cxb3 Rfc8 25. Ra2 Rc1+ 26. Kg2
Rac8 27. b4 R8c2+ 28. Rxc2 Rxc2+ 29. Kg3 a4 30. Kg4 Rg2+ 31. Kh3 Ra2 32. Kg4
Rxa3 33. Kg5 Rd3 34. Kf6 a3 35. Kxf7 Rxd4 36. exd4 a2 37. Rg4 a1=Q 38. Rxg6
Qxd4 39. Rg7+ Kxh6 40. Rg6+ Kh5 41. Rg3 e3 42. Kxe6 Bc8+ 43. Ke7 Qd7+ 44.
Kf6 Qf5+ 45. Kg7 Qxf4 46. e6 Bxe6 47. h4 Qxg3+ 48. Kh8 Qg8# {White
checkmated} 0-1

[Event "ICC Open 2015"]
[Site "Internet Chess Club"]
[Date "2015.05.29"]
[Round "4"]
[White "xionoula"]
[Black "chigamaster"]
[Result "0-1"]
[ICCResult "White resigns"]
[WhiteElo "2185"]
[BlackElo "2888"]
[Opening "Queen's pawn: London system"]
[ECO "A45"]
[NIC "QP.07"]
[Time "19:49:21"]
[TimeControl "180+0"]

1. d4 Nf6 2. Bf4 e6 3. e3 b6 4. Nf3 Bb7 5. Be2 Be7 6. O-O O-O 7. a4 c5 8. c3
a5 9. Nbd2 d5 10. h3 Nbd7 11. Ne5 Nxe5 12. Bxe5 Nd7 13. Bh2 f5 14. Nf3 Ba6
15. Bxa6 Rxa6 16. Ne5 Nxe5 17. Bxe5 Bf6 18. Bxf6 Qxf6 19. f4 c4 20. Rf2 Ra7
21. Rb1 Rc8 22. b3 Qd8 23. Rfb2 Rc6 24. bxc4 dxc4 25. Rb5 Rd7 26. Qf3 Rd5
27. Rxd5 Qxd5 28. Qxd5 exd5 29. Rb5 Rd6 30. Kf2 Kf7 31. g4 g6 32. Kf3 Ke6
33. g5 Kd7 34. h4 Kc6 35. Rb2 Rd7 36. Rb5 Re7 37. Rb2 Re8 38. Rb5 Rd8 39.
Rb2 Rh8 40. Rb5 h6 41. Kg3 hxg5 42. fxg5 Re8 43. h5 Rxe3+ 44. Kf4 Re4+ 45.
Kf3 {White resigns} 0-1

[Event "ICC Open 2015"]
[Site "Internet Chess Club"]
[Date "2015.05.29"]
[Round "4"]
[White "ShayCormac"]
[Black "Chaos23"]
[Result "1-0"]
[ICCResult "Black resigns"]
[WhiteElo "2444"]
[BlackElo "2062"]
[Opening "QP counter-gambit (elephant gambit)"]
[ECO "C40"]
[NIC "KP.10"]
[Time "19:49:11"]
[TimeControl "180+0"]

1. e4 e5 2. Nf3 d5 3. exd5 e4 4. Qe2 Nf6 5. Nc3 Be7 6. Nxe4 O-O 7. d3 Re8 8.
Be3 Nxd5 9. O-O-O f5 10. Bd4 fxe4 11. dxe4 Nf4 12. Qc4+ Be6 13. Qc3 c5 14.
Be5 Qb6 15. Bxf4 Nc6 16. Bc4 Bf6 17. e5 Nxe5 18. Bxe5 Bxe5 19. Nxe5 Kh8 20.
Bxe6 Qxe6 21. Rhe1 b5 22. Kb1 a5 23. Qxc5 Rac8 24. Qd5 Qxd5 25. Rxd5 Kg8 26.
Rxb5 Rcd8 27. Kc1 Rf8 28. f3 {Black resigns} 1-0

[Event "ICC Open 2015"]
[Site "Internet Chess Club"]
[Date "2015.05.29"]
[Round "4"]
[White "TheLoneKing1"]
[Black "ural"]
[Result "0-1"]
[ICCResult "White resigns"]
[WhiteElo "1981"]
[BlackElo "2509"]
[Opening "Scandinavian (center counter) defense"]
[ECO "B01"]
[NIC "SD.01"]
[Time "19:49:21"]
[TimeControl "180+0"]

1. e4 d5 2. exd5 Qxd5 3. Nc3 Qa5 4. Bc4 Nf6 5. h3 Nc6 6. Nf3 Ne5 7. Qe2 Nxc4
8. Qxc4 Be6 9. Qb5+ Qxb5 10. Nxb5 Nd5 11. c4 Bd7 12. Nxa7 Nb4 13. O-O Rxa7
14. d4 e6 15. a3 Nd3 16. Be3 Nxb2 17. d5 b6 18. dxe6 Bxe6 19. Rfe1 Nxc4 20.
Bd4 Rxa3 21. Rac1 b5 22. Ne5 Nxe5 23. Bxe5 Bd6 24. Bxg7 Rg8 25. Bb2 Ra2 26.
Bd4 Kd7 27. Kf1 b4 28. Red1 b3 29. Bc5 b2 30. Rb1 Bf5 {White resigns} 0-1

[Event "ICC Open 2015"]
[Site "Internet Chess Club"]
[Date "2015.05.29"]
[Round "4"]
[White "manta2"]
[Black "Ashtanga"]
[Result "0-1"]
[ICCResult "White forfeits on time"]
[WhiteElo "1298"]
[BlackElo "1501"]
[Opening "QGD: Chigorin defense"]
[ECO "D07"]
[NIC "QP.08"]
[Time "19:49:27"]
[TimeControl "180+0"]

1. d4 d5 2. c4 Nc6 3. cxd5 Qxd5 4. Nf3 e5 5. Nc3 Bb4 6. Bd2 Bxc3 7. Bxc3
exd4 8. Nxd4 Nf6 9. f3 O-O 10. e4 Re8 11. Be2 Qg5 12. O-O Bh3 13. Rf2 Rad8
14. Qa4 Bd7 15. Nxc6 Bxc6 16. Qxa7 Nh5 17. Qc5 Qxc5 18. Bb4 Qxb4
{White forfeits on time}
0-1

[Event "ICC Open 2015"]
[Site "Internet Chess Club"]
[Date "2015.05.29"]
[Round "4"]
[White "Kiborg95"]
[Black "Zigfrid"]
[Result "0-1"]
[ICCResult "White resigns"]
[WhiteElo "2830"]
[BlackElo "3088"]
[Opening "Sicilian: Taimanov variation"]
[ECO "B48"]
[NIC "SI.40"]
[Time "19:48:30"]
[TimeControl "180+0"]

1. e4 c5 2. Nc3 e6 3. Nf3 Nc6 4. d4 cxd4 5. Nxd4 Qc7 6. Be3 a6 7. Qf3 Nf6 8.
O-O-O Ne5 9. Qg3 b5 10. f4 Neg4 11. e5 Nxe3 12. Qxe3 b4 13. exf6 bxc3 14.
fxg7 cxb2+ 15. Kb1 Bxg7 16. f5 Qe5 17. Qf3 Rb8 18. fxe6 fxe6 19. Bc4 Qc5 20.
Qd3 O-O 21. Nb3 Qf5 22. Qg3 Qe5 23. Qh3 Rb4 24. Bd3 h6 25. Rhe1 Qf6 26. Rf1
Rf4 27. g3 Rxf1 28. Rxf1 Qe7 29. Qg2 d5 30. Rxf8+ Qxf8 31. Qf1 Qxf1+ 32.
Bxf1 Kf7 33. Nc5 a5 34. Nd3 Ba6 35. Ne5+ Bxe5 36. Bxa6 Bc3 37. a4 e5 38. g4
e4 39. Bb7 Ke6 40. h4 e3 41. Ba6 Ke5 42. g5 hxg5 43. hxg5 Kf5 {White
resigns} 0-1

[Event "ICC Open 2015"]
[Site "Internet Chess Club"]
[Date "2015.05.29"]
[Round "4"]
[White "akibael"]
[Black "PADILLON2189"]
[Result "1-0"]
[ICCResult "Black resigns"]
[WhiteElo "2420"]
[BlackElo "2026"]
[Opening "Queen's pawn game"]
[ECO "A46"]
[NIC "QP.06"]
[Time "19:48:36"]
[TimeControl "180+0"]

1. Nf3 Nf6 2. d4 e6 3. Nc3 d5 4. Bg5 Bb4 5. Qd3 O-O 6. a3 Bxc3+ 7. bxc3 c5
8. Bxf6 Qxf6 9. e4 dxe4 10. Qxe4 Nc6 11. Bd3 g6 12. O-O cxd4 13. cxd4 Rd8
14. c3 Bd7 15. Rfe1 Rac8 16. Rac1 Na5 17. Ne5 Bc6 18. Qe3 Be8 19. Qg3 h5 20.
h4 b5 21. Rc2 Nc4 22. Bxc4 bxc4 23. Re4 Rd5 24. Rce2 Qg7 25. Rf4 Ra5 26. Qg5
Rxa3 27. Re3 Ra5 28. g4 hxg4 29. Qxg4 f5 30. Qg5 Rd5 31. h5 Rxe5 32. dxe5
gxh5 33. Qxg7+ Kxg7 34. Rd4 Kf8 35. Re1 a5 36. Rd6 Ke7 37. Rb1 Rc7 38. Rbb6
Bd7 39. Ra6 a4 40. f4 h4 41. Kh2 Bc8 42. Rac6 Rxc6 43. Rxc6 Bd7 44. Rxc4 a3
45. Rc7 a2 46. Ra7 Kd8 47. Rxa2 Bc6 48. Rd2+ Kc7 49. Rd6 Bd5 50. Kh3
{Black resigns}
1-0

[Event "ICC Open 2015"]
[Site "Internet Chess Club"]
[Date "2015.05.29"]
[Round "4"]
[White "ChenRichard"]
[Black "ALexiz"]
[Result "1-0"]
[ICCResult "Black checkmated"]
[WhiteElo "2310"]
[BlackElo "1810"]
[Opening "Sicilian, Chekhover variation"]
[ECO "B53"]
[NIC "SI.02"]
[Time "19:48:43"]
[TimeControl "180+0"]

1. e4 c5 2. Nf3 d6 3. d4 cxd4 4. Qxd4 Nc6 5. Bb5 Bd7 6. Bxc6 Bxc6 7. Nc3 Nf6
8. Bg5 e6 9. O-O-O Be7 10. Qd3 Qa5 11. h4 O-O 12. Nd4 Rac8 13. Kb1 Rfd8 14.
f4 Qa6 15. Qe3 b5 16. Nxc6 Rxc6 17. e5 dxe5 18. Rxd8+ Bxd8 19. fxe5 Bb6 20.
Qd3 Ne8 21. Rf1 Ba5 22. Qd7 h6 23. Qxe8+ Kh7 24. Bxh6 Rxc3 25. Rxf7 Rc7 26.
Bxg7 Rxf7 27. Qxf7 Qc6 28. Bf6+ Kh6 29. Qg7+ Kh5 30. Qg5# {Black checkmated}
1-0

[Event "ICC Open 2015"]
[Site "Internet Chess Club"]
[Date "2015.05.29"]
[Round "4"]
[White "Permanent"]
[Black "HuevosDeLeon"]
[Result "0-1"]
[ICCResult "White checkmated"]
[WhiteElo "2102"]
[BlackElo "2674"]
[Opening "QGD: Semi-Tarrasch defense"]
[ECO "D40"]
[NIC "TD.05"]
[Time "19:49:58"]
[TimeControl "180+0"]

1. d4 Nf6 2. c4 e6 3. Nf3 d5 4. Nc3 c5 5. e3 Nc6 6. Be2 Be7 7. O-O cxd4 8.
Nxd4 O-O 9. cxd5 Nxd5 10. Nxc6 bxc6 11. Nxd5 cxd5 12. a3 Bf6 13. Rb1 a5 14.
b3 Qe7 15. a4 Bb7 16. Bb2 e5 17. Bb5 Rfd8 18. Qe2 g6 19. Rfd1 h5 20. Rbc1 h4
21. h3 Qe6 22. Rc7 Qb6 23. Rcc1 d4 24. exd4 exd4 25. Rd3 Rd6 26. Rcd1 Rad8
27. Qg4 Qc5 28. Qf4 Bg5 29. Qg4 Bf6 30. Bc4 Kg7 31. Qf4 R8d7 32. Qc1 Qc6 33.
Qd2 Qxg2# {White checkmated} 0-1

[Event "ICC Open 2015"]
[Site "Internet Chess Club"]
[Date "2015.05.29"]
[Round "4"]
[White "TallTower"]
[Black "spartan62"]
[Result "1-0"]
[ICCResult "Black resigns"]
[WhiteElo "1761"]
[BlackElo "1299"]
[Opening "Sicilian"]
[ECO "B56"]
[NIC "SI.25"]
[Time "19:49:04"]
[TimeControl "180+0"]

1. e4 c5 2. Nf3 Nc6 3. d4 cxd4 4. Nxd4 Nf6 5. Nc3 d6 6. Be3 a6 7. f3 Bd7 8.
Qd2 e5 9. Nb3 b5 10. O-O-O Be7 11. g4 Be6 12. h4 O-O 13. g5 Nh5 14. f4 exf4
15. Bxf4 Nxf4 16. Qxf4 Ne5 17. Nd5 Bxd5 18. Rxd5 Rc8 19. Kb1 Qc7 20. Rh2 Nc4
21. h5 Nxb2 22. Kxb2 Qc3+ 23. Kb1 Qe1+ 24. Qc1 Qxe4 25. Rd1 d5 26. Re2 Qb4
27. Qd2 Qxd2 28. Rexd2 Bxg5 29. Rxd5 h6 30. Rd6 Rc3 31. Bd3 Rc5 32. Nxc5
{Black resigns}
1-0

[Event "ICC Open 2015"]
[Site "Internet Chess Club"]
[Date "2015.05.29"]
[Round "4"]
[White "ChessNakas"]
[Black "yummy2"]
[Result "0-1"]
[ICCResult "White checkmated"]
[WhiteElo "2118"]
[BlackElo "2653"]
[Opening "Sicilian: closed"]
[ECO "B23"]
[NIC "SI.44"]
[Time "19:48:44"]
[TimeControl "180+0"]

1. e4 c5 2. Nc3 e6 3. f4 Nc6 4. Nf3 g6 5. Bb5 Qc7 6. O-O Bg7 7. e5 d6 8.
Bxc6+ Qxc6 9. Re1 Ne7 10. d4 O-O 11. Be3 Nf5 12. Bf2 b6 13. g4 Nxd4 14. Nxd4
cxd4 15. Qxd4 Bb7 16. Qe4 Qc8 17. Qe3 dxe5 18. fxe5 Qc6 19. Qe4 Qxe4 20.
Nxe4 Bxe5 21. c3 Bxe4 22. Rxe4 Bg7 23. Rd1 Rfd8 24. Rxd8+ Rxd8 25. Ra4 Rd1+
26. Kg2 Rd7 27. Kf3 f5 28. g5 e5 29. h4 Kf7 30. c4 e4+ 31. Kf4 Bxb2 32. c5
Bc1+ 33. Kg3 e3 34. cxb6 exf2 35. bxa7 f1=Q 36. a8=Q Rd3+ 37. Kh2 Rh3#
{White checkmated}
0-1

[Event "ICC Open 2015"]
[Site "Internet Chess Club"]
[Date "2015.05.29"]
[Round "4"]
[White "holderlin"]
[Black "supermonkey"]
[Result "0-1"]
[ICCResult "White checkmated"]
[WhiteElo "1609"]
[BlackElo "1847"]
[Opening "Scandinavian defense"]
[ECO "B01"]
[NIC "SD.03"]
[Time "19:48:42"]
[TimeControl "180+0"]

1. e4 d5 2. exd5 Nf6 3. Nf3 Nxd5 4. d4 Bg4 5. Be2 e6 6. O-O Nd7 7. c4 N5f6
8. h3 Bh5 9. Nc3 Be7 10. Bf4 O-O 11. Qb3 b6 12. Rad1 Bg6 13. Nb5 c6 14. Nd6
Nh5 15. Bh2 Ndf6 16. c5 bxc5 17. dxc5 Nd5 18. Ne5 Nhf4 19. Nxc6 Qc7 20.
Nxe7+ Qxe7 21. Bf3 e5 22. Rfe1 e4 23. Bxe4 Bxe4 24. Rxe4 Qh4 25. Rxd5 Nxh3+
26. Qxh3 Qxe4 27. Nxe4 f5 28. Ng5 h6 29. Ne6 Rfe8 30. Nc7 Re1#
{White checkmated}
0-1

[Event "ICC Open 2015"]
[Site "Internet Chess Club"]
[Date "2015.05.29"]
[Round "4"]
[White "MasterZachary"]
[Black "olimpus"]
[Result "0-1"]
[ICCResult "White checkmated"]
[WhiteElo "2201"]
[BlackElo "2738"]
[Opening "Robatsch defense: two knights variation"]
[ECO "B06"]
[NIC "KF.05"]
[Time "19:48:33"]
[TimeControl "180+0"]

1. e4 g6 2. d4 Bg7 3. Nc3 d6 4. Nf3 a6 5. Bc4 e6 6. O-O b5 7. Bb3 Bb7 8. Re1
Nd7 9. Bg5 Ne7 10. e5 d5 11. Ne2 h6 12. Bh4 c5 13. c3 g5 14. Bg3 c4 15. Bc2
Qc7 16. h4 g4 17. Nh2 h5 18. Nf1 Bh6 19. Ne3 Nf8 20. Nf4 Bxf4 21. Bxf4 O-O-O
22. a4 Qb6 23. axb5 axb5 24. Bg5 Rd7 25. b3 cxb3 26. Bxb3 Nf5 27. Nxf5 exf5
28. Bf6 Rg8 29. Qc2 f4 30. Rab1 g3 31. f3 Ne6 32. Red1 Rc7 33. Qd2 Kb8 34.
Bc2 Rgc8 35. Bd3 Ba6 36. Rb3 Rxc3 37. Rxc3 Qxd4+ 38. Kh1 Rxc3 39. Qb2 Rxd3
40. Qxd4 Rxd4 41. Rxd4 Nxd4 42. Bg5 Ne6 43. Kg1 Nxg5 44. hxg5 Bc8 45. Kh1 b4
46. e6 b3 47. exf7 b2 48. f8=Q b1=Q# {White checkmated} 0-1

[Event "ICC Open 2015"]
[Site "Internet Chess Club"]
[Date "2015.05.29"]
[Round "4"]
[White "StarShip32"]
[Black "HardAsfalt"]
[Result "0-1"]
[ICCResult "White checkmated"]
[WhiteElo "2009"]
[BlackElo "1688"]
[Opening "King's Indian: 4.e4"]
[ECO "E76"]
[NIC "KI.32"]
[Time "19:48:28"]
[TimeControl "180+0"]

1. d4 Nf6 2. c4 g6 3. Nc3 Bg7 4. e4 O-O 5. f4 d6 6. Nf3 Bg4 7. Be2 Nc6 8.
O-O Nh5 9. Be3 e5 10. fxe5 dxe5 11. d5 Bxf3 12. Bxf3 Nd4 13. Bxh5 gxh5 14.
Ne2 Nxe2+ 15. Qxe2 Qd6 16. Qxh5 Kh8 17. c5 Qe7 18. Rf5 f6 19. Rd1 Rg8 20. d6
cxd6 21. cxd6 Qd7 22. Rf2 Rac8 23. Rfd2 a5 24. Bh6 b5 25. Bxg7+ Rxg7 26. Qf3
Rg6 27. g3 Rcg8 28. a3 b4 29. axb4 axb4 30. Qf5 Qa7+ 31. Kg2 Qe3 32. Qf3 Qa7
33. d7 Rd8 34. Qf5 b3 35. Rd6 Qe3 36. R1d2 h5 37. Qf3 Qg5 38. Rf2 h4 39.
Qxb3 hxg3 40. hxg3 Qh5 41. Qe6 Rh6 42. Rdd2 Qh1# {White checkmated} 0-1

[Event "ICC Open 2015"]
[Site "Internet Chess Club"]
[Date "2015.05.29"]
[Round "4"]
[White "kevinice"]
[Black "Nos"]
[Result "1-0"]
[ICCResult "Black checkmated"]
[WhiteElo "1949"]
[BlackElo "2311"]
[Opening "QGD: Chigorin defense"]
[ECO "D07"]
[NIC "QP.08"]
[Time "19:49:01"]
[TimeControl "180+0"]

1. d4 d5 2. c4 Nc6 3. Nf3 Bg4 4. Nc3 e6 5. cxd5 exd5 6. e3 Bb4 7. Bd3 Nge7
8. O-O Qd7 9. a3 Bd6 10. h3 Bh5 11. b4 Nd8 12. e4 dxe4 13. Nxe4 O-O 14. Nc5
Qc8 15. Bxh7+ Kxh7 16. Ng5+ Kg6 17. g4 Bxg4 18. hxg4 Rh8 19. Re1 Rh4 20.
Qd3+ f5 21. f3 Nd5 22. Nce6 Nf4 23. Qxf5+ Kh6 24. Qh7# {Black checkmated}
1-0

[Event "ICC Open 2015"]
[Site "Internet Chess Club"]
[Date "2015.05.29"]
[Round "4"]
[White "BlitzorDDD"]
[Black "Prof-chess"]
[Result "1-0"]
[ICCResult "Black checkmated"]
[WhiteElo "3175"]
[BlackElo "2796"]
[Opening "King's Indian: orthodox, 7...Nbd7, 8.Re1"]
[ECO "E95"]
[NIC "KI.11"]
[Time "19:48:28"]
[TimeControl "180+0"]

1. Nf3 Nf6 2. c4 g6 3. Nc3 Bg7 4. e4 d6 5. d4 O-O 6. Be2 e5 7. O-O Nbd7 8.
Re1 c6 9. Bg5 exd4 10. Qxd4 h6 11. Bh4 d5 12. e5 g5 13. Nxg5 c5 14. Qf4 Nxe5
15. Qxe5 hxg5 16. Bxg5 d4 17. Rad1 Re8 18. Qg3 Be6 19. Bh6 Bg4 20. Bxg7 Kxg7
21. Nd5 Kf8 22. Bxg4 Rxe1+ 23. Rxe1 Nxd5 24. cxd5 Qxd5 25. Bf3 Qf5 26. Bxb7
Rd8 27. Qc7 Rd7 28. Qb8+ Kg7 29. Qg3+ Kf8 30. Be4 Qf6 31. Qd3 Re7 32. b3 Qe5
33. Re2 f5 34. Bf3 Qf6 35. Rxe7 Kxe7 36. g3 Qh6 37. Kg2 Qc1 38. Qxf5 Qb2 39.
Qxc5+ Kf7 40. Qxa7+ Kf8 41. Qc5+ Ke8 42. Qe5+ Kd7 43. h4 d3 44. Qxb2 d2 45.
Qxd2+ Kc7 46. h5 Kb8 47. h6 Ka7 48. h7 Kb6 49. Qd5 Ka7 50. Qb7#
{Black checkmated}
1-0

[Event "ICC Open 2015"]
[Site "Internet Chess Club"]
[Date "2015.05.29"]
[Round "4"]
[White "HematiteBrown"]
[Black "supermouse"]
[Result "1-0"]
[ICCResult "Black checkmated"]
[WhiteElo "2149"]
[BlackElo "2691"]
[Opening "Robatsch (modern) defense"]
[ECO "B07"]
[NIC "VO.17"]
[Time "19:48:38"]
[TimeControl "180+0"]

1. e4 d6 2. d4 g6 3. Nc3 Bg7 4. Bf4 Nc6 5. d5 Ne5 6. Nf3 Nxf3+ 7. Qxf3 c6 8.
O-O-O Nf6 9. e5 Bg4 10. exf6 Bxf3 11. fxg7 Rg8 12. gxf3 Rxg7 13. dxc6 bxc6
14. Bc4 Qb6 15. Rhe1 Kd7 16. Bh6 Qc5 17. Bb3 Rgg8 18. Bxf7 Rgd8 19. Ne4 Qf5
20. Be6+ Kxe6 21. Nxd6+ Qe5 22. Rxe5+ Kxe5 23. Nf7+ Kf6 24. Nxd8 g5 25. Nxc6
Kg6 26. Bxg5 Kxg5 27. Rd8 Rxd8 28. Nxd8 Kf4 29. Nc6 Kxf3 30. Nxe7 Ke4 31. c4
h5 32. c5 Ke5 33. b4 h4 34. Ng6+ Kd5 35. Nxh4 Kc4 36. a3 Kb5 37. Kb2 Kc6 38.
Kb3 Kb5 39. Nf3 Kc6 40. h4 Kd5 41. h5 Ke4 42. h6 Kf4 43. c6 Kxf3 44. c7 Kxf2
45. c8=Q Ke3 46. Qa6 Ke4 47. Qxa7 Kf5 48. Qc7 Kg6 49. b5 Kxh6 50. b6 Kg6 51.
b7 Kf5 52. b8=Q Ke4 53. Qbd8 Kf3 54. Qce7 Kg4 55. Qdf8 Kh5 56. Qeg7 Kh4 57.
Qfh8# {Black checkmated} 1-0

[Event "ICC Open 2015"]
[Site "Internet Chess Club"]
[Date "2015.05.29"]
[Round "4"]
[White "Capaman"]
[Black "garompon"]
[Result "0-1"]
[ICCResult "White resigns"]
[WhiteElo "2013"]
[BlackElo "2558"]
[Opening "Pirc: Ufimtsev-Pytel variation"]
[ECO "B07"]
[NIC "PU.08"]
[Time "19:49:15"]
[TimeControl "180+0"]

1. e4 d6 2. d4 Nf6 3. Nc3 c6 4. Nf3 Bg4 5. Be2 e6 6. Be3 Be7 7. Qd2 O-O 8.
O-O d5 9. e5 Nfd7 10. Nd1 c5 11. c3 Nc6 12. h3 Bh5 13. a3 Na5 14. Rb1 c4 15.
Nh2 Bg6 16. f4 Bxb1 17. Nf2 Nb3 18. Qe1 Bc2 19. g4 f5 20. g5 g6 21. Nh1 Rf7
22. Ng3 Nf8 23. h4 Rg7 24. Nf3 Be4 25. Nxe4 fxe4 26. Nh2 Nd7 27. Bg4 Nf8 28.
Bh3 b5 29. Ng4 a5 30. Nh6+ Kh8 31. Bg4 b4 32. axb4 axb4 33. h5 Ra1 34. Qh4
Rxf1+ 35. Kxf1 bxc3 36. bxc3 Qa5 37. hxg6 Qxc3 38. Nf7+ Rxf7 39. gxf7 Qxe3
40. Bxe6 Nd2+ 41. Kg2 Qf3+ 42. Kg1 Qf1+ 43. Kh2 Nf3+ {White resigns} 0-1

[Event "ICC Open 2015"]
[Site "Internet Chess Club"]
[Date "2015.05.29"]
[Round "4"]
[White "bennywins"]
[Black "Abbas-Child"]
[Result "1-0"]
[ICCResult "Black resigns"]
[WhiteElo "1154"]
[BlackElo "1260"]
[Opening "Sicilian: dragon variation"]
[ECO "B70"]
[NIC "SI.15"]
[Time "19:48:37"]
[TimeControl "180+0"]

1. e4 c5 2. Nf3 d6 3. d4 cxd4 4. Nxd4 Nf6 5. Nc3 g6 6. Bd3 Bg7 7. f3 Nc6 8.
Nxc6 bxc6 9. O-O O-O 10. Be3 Be6 11. Qd2 a6 12. Bh6 Qb6+ 13. Kh1 Qxb2 14.
Rab1 Qa3 15. Bxg7 Kxg7 16. h4 Qc5 17. Na4 Qh5 18. Qg5 Qxg5 19. hxg5 Ne8 20.
Nb6 Ra7 21. a4 f6 22. gxf6+ Nxf6 23. Bc4 Bxc4 24. Nxc4 Nd7 25. Nb6 Nxb6 26.
Rxb6 c5 27. Rfb1 Rfa8 28. Rb7 Kf6 29. Rxa7 Rxa7 30. a5 h5 31. c4 e5 32. Kh2
Kg5 33. Kg3 Rh7 34. Rb6 h4+ 35. Kh3 Ra7 36. Rxd6 Kf4 37. Rd5 g5 38. Rxc5 Ke3
39. Rxe5 Kd3 40. Rxg5 Kxc4 41. Kxh4 Kb4 42. e5 Rh7+ 43. Kg4 Rb7 44. e6 Re7
45. Re5 Kc4 46. Kf5 Kd4 47. Kf6 Rb7 48. e7 Rb8 49. e8=Q Rxe8 50. Rxe8
{Black resigns}
1-0

[Event "ICC Open 2015"]
[Site "Internet Chess Club"]
[Date "2015.05.29"]
[Round "4"]
[White "grancaruso"]
[Black "gonesailing"]
[Result "0-1"]
[ICCResult "White resigns"]
[WhiteElo "1859"]
[BlackElo "1599"]
[Opening "Réti opening"]
[ECO "A30"]
[NIC "QP.10"]
[Time "19:49:24"]
[TimeControl "180+0"]

1. Nf3 c5 2. c4 Nc6 3. d4 cxd4 4. Nxd4 Qb6 5. e3 Nf6 6. Nc3 e5 7. Nc2 Be7 8.
Be2 O-O 9. O-O d6 10. b3 Be6 11. Bb2 Nb4 12. Qd2 Nxc2 13. Qxc2 Qc7 14. Rac1
Qb8 15. Rfd1 Rd8 16. Bf3 h6 17. Ba3 Bf8 18. Bb2 a6 19. Nd5 Nxd5 20. Bxd5
Bxd5 21. Rxd5 b5 22. cxb5 axb5 23. Bc3 b4 24. Be1 Qb7 25. Qd2 Rxa2 26. Qxa2
Qxd5 27. Qe2 Qxb3 28. h3 d5 29. e4 dxe4 30. Qxe4 Qe6 31. Rb1 Rd4 32. Qe2 Qb6
33. Qxe5 Bd6 34. Qe2 Bb8 35. Bd2 Qd6 36. Be3 Qh2+ {White resigns} 0-1

[Event "ICC Open 2015"]
[Site "Internet Chess Club"]
[Date "2015.05.29"]
[Round "4"]
[White "Eros"]
[Black "manitodeplomo"]
[Result "1-0"]
[ICCResult "Black resigns"]
[WhiteElo "3048"]
[BlackElo "2656"]
[Opening "Robatsch defense"]
[ECO "B06"]
[NIC "KF.05"]
[Time "19:48:54"]
[TimeControl "180+0"]

1. e4 g6 2. d4 Bg7 3. Nc3 c5 4. d5 d6 5. h3 Nf6 6. Nf3 O-O 7. a4 Na6 8. Bxa6
bxa6 9. O-O Rb8 10. Rb1 Rb4 11. Re1 Nd7 12. Bd2 Ne5 13. Nxe5 Bxe5 14. b3 Bg7
15. Qc1 f5 16. exf5 Bxf5 17. Ne2 Rb8 18. Bc3 Bxc3 19. Nxc3 Qd7 20. Re3 Rf7
21. Qd2 Rb4 22. Rbe1 Rd4 23. Qe2 Kf8 24. g4 Bxg4 25. hxg4 Rxg4+ 26. Rg3
Rxg3+ 27. fxg3 Qh3 28. Qg2 Qg4 29. Ne4 Rf5 30. Rf1 Kg7 31. Rxf5 gxf5 32. Nd2
Qd4+ 33. Kh2 h5 34. Qe2 Qxd5 35. Qxe7+ Kg6 36. Nc4 Qe4 37. Qxe4 fxe4 38.
Nxd6 e3 39. Kg2 Kg5 40. Kf3 {Black resigns} 1-0

[Event "ICC Open 2015"]
[Site "Internet Chess Club"]
[Date "2015.05.29"]
[Round "4"]
[White "vasek"]
[Black "Qualm"]
[Result "0-1"]
[ICCResult "White forfeits on time"]
[WhiteElo "1262"]
[BlackElo "1674"]
[Opening "French defense"]
[ECO "C00"]
[NIC "FR.01"]
[Time "19:48:28"]
[TimeControl "180+0"]

1. e4 e6 2. Nf3 d5 3. exd5 exd5 4. d4 Nf6 5. Be2 Bd6 6. O-O O-O 7. Re1 Nc6
8. Bf1 Bf5 9. c3 h6 10. h3 Qd7 11. Be3 Rfe8 12. Nbd2 Bh7 13. c4 Bb4 14. a3
Bf8 15. c5 Ne4 16. b4 Ne7 17. Rc1 c6 18. a4 Nf5 19. b5 Nxe3 20. Rxe3 Nxd2
21. Qxd2 Be7 22. Qb2 Be4 23. Ne5 Qc7 24. a5 Bg5 25. Rb3 Bxc1 26. Qxc1 f6 27.
b6 axb6 28. axb6 Qe7 29. Nd3 Ra2 30. Nf4 Qf7 31. Ne2 Qg6 32. Ng3 Bc2 33. Rb2
Rxb2 34. Qxb2 Re1 35. Qa3 Bd3 36. Qa8+ Kh7 37. Qxb7 Bxf1 38. Nxf1 Qd3
{White forfeits on time}
0-1

[Event "ICC Open 2015"]
[Site "Internet Chess Club"]
[Date "2015.05.29"]
[Round "4"]
[White "airantrobo"]
[Black "QuintilianoR"]
[Result "0-1"]
[ICCResult "White resigns"]
[WhiteElo "1580"]
[BlackElo "2297"]
[Opening "QGD: semi-Slav, Noteboom variation"]
[ECO "D31"]
[NIC "SL.06"]
[Time "19:49:23"]
[TimeControl "180+0"]

1. d4 d5 2. c4 e6 3. Nc3 c6 4. Nf3 dxc4 5. e4 b5 6. a4 Bb4 7. axb5 cxb5 8.
Bd2 Bxc3 9. Bxc3 a5 10. Be2 Bb7 11. e5 Ne7 12. O-O O-O 13. Qc2 Nd5 14. Be1
Nc6 15. h4 h6 16. b3 Ndb4 17. Bxb4 Nxb4 18. Qd1 cxb3 19. Qxb3 Bxf3 20. Bxf3
Rb8 21. g3 Qxd4 22. Rxa5 Nd3 23. Rxb5 Rxb5 24. Qxb5 Nxe5 25. Bg2 Rd8 26. Qa5
Ng4 27. Qc7 h5 28. Bh3 Ne5 29. Bg2 g6 30. Qa5 Rb8 31. Qc7 Rb2 32. Qc8+ Kg7
33. Qc1 Nd3 34. Qe3 Qxe3 35. fxe3 Re2 36. Rf3 Rxg2+ 37. Kxg2 Ne1+ 38. Kf2
Nxf3 39. Kxf3 Kf6 40. e4 Ke5 41. Ke3 f6 42. Kf3 Kd4 43. g4 hxg4+ 44. Kxg4
Kxe4 45. h5 gxh5+ {White resigns} 0-1